 Dungeon Crawl Stone Soup version 0.20.1-1-g8b1a95d (webtiles) character file.

13517 letownia2 the Reanimator (level 11, -9/113 HPs)
             Began as a Deep Dwarf Necromancer on Dec 9, 2017.
             Was an Initiate of Gozag.
             Mangled by a two-headed ogre
             ... wielding a +0 giant club
              (23 damage)
             ... on level 2 of the Orcish Mines.
             The game lasted 00:48:43 (11624 turns).

letownia2 the Reanimator (Deep Dwarf Necromancer)  Turns: 11624, Time: 00:48:43

Health: -9/113     AC:  6    Str: 10    XL:     11   Next: 76%
Magic:  1/33       EV: 14    Int: 22    God:    Gozag
Gold:   526        SH:  0    Dex: 13    Spells: 19/28 levels left

rFire    . . .     SeeInvis .   a - +1 spear (venom)
rCold    . . .     Gourm    .   (no shield)
rNeg     . . .     Faith    .   O - +0 ring mail
rPois    +         Spirit   .   J - -2 hat of Rotruhip {rPois Str-4 Int+5 Slay+2}
rElec    .         Reflect  .   G - +0 cloak
rCorr    .         Harm     .   (no gloves)
MR       +....                  (no boots)
Stlth    +.........             (no amulet)
Regen    0.0/turn               r - +3 ring of evasion
MPRegen  0.3/turn               F - ring of magical power

@: non-regenerating
A: damage resistance, heal wounds, rugged brown scales 1, sense surroundings 2,
robust 1, no regeneration
a: Heal Wounds, Potion Petition, Call Merchant, Bribe Branch, Renounce Religion


You were on level 2 of the Orcish Mines.
You worshipped Gozag.
Gozag was pleased with you.
You were not hungry.

You visited 3 branches of the dungeon, and saw 14 of its levels.

You collected 3041 gold pieces.
You spent 261 gold pieces at shops.
You paid 2254 gold pieces to Gozag.

Inventory:

Hand Weapons
 a - a +1 spear of venom (weapon)
 f - a +1 vampiric morningstar
 k - a +0 scimitar of freezing
 p - a +0 arbalest
 t - a +0 battleaxe
 S - a +3 quarterstaff of chaos
 T - a +0 blowgun
 V - a +2 mace of protection
Missiles
 u - 8 curare-tipped needles
 A - 96 bolts
Armour
 y - a +1 scale mail
 G - a +0 cloak (worn)
 J - the -2 hat of Rotruhip (worn) {rPois Str-4 Int+5 Slay+2}
   (You bought it in a shop on level 6 of the Dungeon)

   It affects your strength (-4).
   It affects your intelligence (+5).
   It affects your accuracy and damage with ranged weapons and melee attacks
   (+2).
   It protects you from poison.
 O - a +0 ring mail (worn)
 U - a +0 buckler
Magical Staves
 b - an uncursed staff of power
 d - an uncursed staff of cold
Jewellery
 n - an uncursed ring of fire
 r - a +3 ring of evasion (left hand)
 F - a ring of magical power (right hand)
 P - an uncursed ring of protection from fire
Wands
 X - a wand of flame (10/48)
 Z - a wand of scattershot (1/9)
Scrolls
 h - 2 scrolls of enchant armour
 i - 2 scrolls of identify
 m - 6 scrolls of teleportation
 s - a scroll of recharging {unknown}
 v - a scroll of immolation
 w - a scroll of amnesia {unknown}
 x - a scroll of fear {unknown}
 B - a scroll of blinking {unknown}
 K - 6 scrolls of remove curse
 M - a scroll of enchant weapon {unknown}
 Q - a scroll of magic mapping
 Y - a scroll of summoning
Potions
 e - 3 potions of mutation
 j - 3 potions of heal wounds
 l - a potion of might
 o - a potion of agility {unknown}
 q - a potion of ambrosia
 z - a potion of brilliance
 C - a potion of flight
 H - 2 potions of resistance
 L - 2 potions of haste {unknown}
 R - 4 potions of curing {unknown}
 W - a potion of berserk rage {unknown}
Miscellaneous
 g - a phial of floods
Comestibles
 c - 9 bread rations
 N - 28 fruits


   Skills:
 + Level 7.1 Fighting
 - Level 4.5 Armour
 - Level 2.1 Dodging
 - Level 2.4 Stealth
 - Level 9.2 Spellcasting
 - Level 3.0 Conjurations
 + Level 12.0 Necromancy
 - Level 3.0 Air Magic
 - Level 2.4 Poison Magic
 - Level 6.0 Evocations


You had 19 spell levels left.
You knew the following spells:

 Your Spells              Type           Power        Failure   Level  Hunger
a - Pain                  Necr           ####         1%          1    None
e - Mephitic Cloud        Conj/Pois/Air  ###.....     14%         3    None
q - Poisonous Vapours     Pois/Air       ###...       8%          2    None
v - Vampiric Draining     Necr           ######....   1%          3    None


Dungeon Overview and Level Annotations

Branches:
Dungeon (11/15)            Temple (1/1) D:6            Lair (0/6) D:10
    Orc (2/2) D:9             Elf (0/3) Orc:2

Altars:
Ashenzari
Cheibriados
Dithmenos
Elyvilon
Gozag
Hepliaklqana
Kikubaaqudgha
Makhleb
Nemelex Xobeh
Okawaru
Qazlal
Ru
Sif Muna
Trog
Uskayaw
Vehumet
Xom
Yredelemnul
Zin
The Shining One
Beogh

Shops:
D:6 [   D:8 =   Orc:2 [=

Annotations:
D:9 bmj180's ghost, journeyman HOFi


Innate Abilities, Weirdness & Mutations

You are resistant to damage.
You can heal yourself by infusing magical energy.
You passively map the area around you.
You do not regenerate.
You are partially covered in rugged brown scales. (AC +1, +3% HP)
You are robust. (+10% HP)


Message History

Aiming: Vampiric Draining
Press: ? - help, Shift-Dir - straight line, f/p - two-headed ogre
Aim: a two-headed ogre, wielding a giant club and a giant spiked club (severely wounded, poisoned, entangled in a net)
The two-headed ogre is almost dead.
You feel life coursing into your body.
The two-headed ogre struggles against the net.
Unknown command.
Unknown command.
Unknown command.
You completely miss the two-headed ogre.
The two-headed ogre is almost dead.
The two-headed ogre struggles against the net.
The net rips apart, and the two-headed ogre comes free!
Unknown command.
Your ring mail prevents you from hitting the two-headed ogre.
The two-headed ogre is almost dead.
You hear the crackling of a very distant melting archway.
The two-headed ogre hits you with a giant club!!
You die...
Your body crumbles into a pile of gold.

# ## *## .# *#.##
#*###...# ###
###....#* ##@##
#.....## #.O[##
.......# ##∩..#
oo....## ##.###
O....<.## #####$...##
.O......# ##.#..#$$..#
.....#.## #.....$...##
.#...######.....#.###
.##......###..$.###.**


You could see a two-headed ogre.

Vanquished Creatures
  A hydra (D:10)
  2 two-headed ogres (Orc:2)
  An orc high priest (Orc:1)
  An unseen horror (D:8)
  An ugly thing (D:11)
  An orc sorcerer (Orc:1)
  The ghost of Gremour the Carver, a novice DsFi of Yredelemnul (D:6)
  3 trolls
  2 hippogriffs
  2 wyverns
  6 yaks (D:11)
  Eustachio (D:5)
  2 hungry ghosts
  2 wargs
  2 hell hounds (D:10)
  11 orc warriors
  2 ice beasts
  4 sky beasts
  A black bear (D:9)
  3 necrophages
  11 ogres
  5 centaurs
  2 big kobolds
  3 gnoll sergeants
  7 bullfrogs
  A water moccasin zombie (D:7)
  4 scorpions
  11 killer bees (D:10)
  3 howler monkeys
  An electric eel (D:10)
  2 bullfrog zombies
  3 jellies
  2 crimson imps
  A quasit (D:6)
  2 hounds
  A centaur skeleton (D:5)
  Crazy Yiuf (D:5)
  10 orc priests
  2 bullfrog skeletons
  13 orc wizards
  3 iguanas
  15 worker ants
  2 hound skeletons
  A worker ant zombie (D:8)
  19 gnolls
  14 adders
  3 shadow imps
  2 adder zombies
  3 adder skeletons
  2 worms
  4 dart slugs
  7 leopard geckos
  83 orcs
  7 bats
  5 giant cockroaches
  6 hobgoblins
  12 jackals
  14 kobolds
  3 quokkas
  4 ball pythons
  5 frilled lizards
  5 goblins
  13 rats
  A fungus (D:5)
367 creatures vanquished.

Vanquished Creatures (collateral kills)
  A killer bee (D:10)
1 creature vanquished.

Vanquished Creatures (others)
  5 fungi (D:6)
  5 plants (D:10)
10 creatures vanquished.

Grand Total: 378 creatures vanquished

Notes
Turn   | Place    | Note
-------+----------+-------------------------------------------
     0 | D:1      | letownia2 the Deep Dwarf Necromancer began the quest for the Orb.
     0 | D:1      | Reached XP level 1. HP: 15/15 MP: 3/3
   144 | D:2      | Found a hazy altar of Hepliaklqana.
   146 | D:2      | Found a glowing silver altar of Zin.
   173 | D:2      | Found a radiant altar of Vehumet.
   200 | D:2      | Found a stormy altar of Qazlal.
   200 | D:2      | Noticed an air elemental
   203 | D:2      | Noticed a water elemental
   204 | D:2      | Noticed an earth elemental
   204 | D:2      | Noticed a fire elemental
   283 | D:3      | Reached XP level 2. HP: 22/22 MP: 1/5
   379 | D:3      | Reached skill level 5 in Necromancy
   582 | D:4      | Reached XP level 3. HP: 8/28 MP: 0/6
   587 | D:4      | Learned a level 3 spell: Vampiric Draining
   709 | D:4      | Noticed an ogre
   753 | D:4      | Noticed a scorpion
  1116 | D:4      | Reached skill level 6 in Necromancy
  1116 | D:4      | Reached XP level 4. HP: 32/36 MP: 3/7
  1331 | D:4      | Reached XP level 5. HP: 32/42 MP: 2/8
  1399 | D:4      | Found a shadowy altar of Dithmenos.
  1403 | D:4      | Found a deep blue altar of Sif Muna.
  1676 | D:4      | Killed an ogre
  1676 | D:4      | Reached skill level 7 in Necromancy
  1676 | D:4      | Reached XP level 6. HP: 21/49 MP: 0/11
  2046 | D:5      | Entered Level 5 of the Dungeon
  2256 | D:5      | Reached skill level 8 in Necromancy
  2275 | D:5      | Noticed Eustachio
  2660 | D:5      | Reached skill level 1 in Fighting
  2660 | D:5      | Reached XP level 7. HP: 38/58 MP: 2/12
  3166 | D:5      | Killed Eustachio
  3674 | D:6      | Reached skill level 5 in Fighting
  3674 | D:6      | Reached XP level 8. HP: 59/74 MP: 0/13
  3878 | D:6      | Found a staircase to the Ecumenical Temple.
  3888 | Temple   | Entered the Ecumenical Temple
  3977 | Temple   | Became a worshipper of Gozag Ym Sagoz the Greedy
  4161 | Temple   | Reached skill level 9 in Necromancy
  4397 | D:6      | Reached skill level 5 in Spellcasting
  4556 | D:5      | Found a runed door.
  4560 | D:5      | Noticed Crazy Yiuf
  4563 | D:5      | Killed Crazy Yiuf
  5235 | D:2      | Reached skill level 1 in Armour
  6306 | D:6      | Noticed Gremour's ghost (novice DsFi)
  6477 | D:6      | Gained mutation: You passively map the area around you. [Deep Dwarf growth]
  6477 | D:6      | Reached XP level 9. HP: 59/80 MP: 17/17
  6825 | D:6      | Killed Gremour's ghost
  7039 | D:6      | Bought a heavily runed hat for 261 gold pieces
  7044 | D:6      | Identified the cursed -2 hat of Rotruhip {rPois Str-4 Int+5 Slay+2} (You bought it in a shop on level 6 of the Dungeon)
  7099 | D:7      | Found a shimmering altar of Xom.
  7246 | D:7      | Found a burning altar of Makhleb.
  7246 | D:7      | Noticed a balrug
  7660 | D:8      | Found Goc Egg's Jewellery Boutique.
  7981 | D:8      | Found a roughly hewn altar of Beogh.
  8092 | D:8      | Killed an unseen horror
  8092 | D:8      | Reached XP level 10. HP: 24/86 MP: 0/23
  8713 | D:8      | Reached skill level 10 in Necromancy
  8929 | D:9      | Noticed bmj180's ghost (journeyman HOFi)
  9061 | D:9      | Reached skill level 1 in Evocations
  9125 | D:8      | Learned a level 2 spell: Poisonous Vapours
  9129 | D:8      | Learned a level 3 spell: Mephitic Cloud
  9218 | D:9      | Found a staircase to the Orcish Mines.
  9584 | Orc:1    | Entered Level 1 of the Orcish Mines
  9585 | Orc:1    | Noticed an orc high priest
  9603 | D:9      | Reached skill level 1 in Conjurations
  9608 | D:9      | Reached skill level 1 in Air Magic
  9608 | D:9      | Reached skill level 1 in Poison Magic
  9660 | D:10     | Entered Level 10 of the Dungeon
  9904 | D:10     | HP: 4/85 [killer bee (6)]
  9906 | D:10     | Gained mutation: You are partially covered in rugged brown scales. (AC +1, +3% HP) [potion of mutation]
  9906 | D:10     | Gained mutation: You are robust. (+10% HP) [potion of mutation]
  9989 | D:10     | Noticed a seven-headed hydra
 10246 | D:10     | Found a staircase to the Lair.
 10276 | D:10     | Reached XP level 11. HP: 56/106 MP: 24/24
 10394 | D:10     | Killed a seven-headed hydra
 10408 | D:10     | Reached skill level 5 in Evocations
 10512 | D:10     | Noticed a two-headed ogre
 10784 | D:11     | Reached skill level 11 in Necromancy
 11079 | D:11     | Noticed a purple ugly thing
 11109 | D:11     | Killed a purple ugly thing
 11174 | Orc:1    | Noticed an orc sorcerer
 11180 | Orc:1    | Killed an orc high priest
 11320 | Orc:1    | Killed an orc sorcerer
 11478 | Orc:2    | Entered Level 2 of the Orcish Mines
 11484 | Orc:2    | Found a staircase to the Elven Halls.
 11493 | Orc:2    | Noticed a two-headed ogre
 11496 | Orc:2    | Noticed a two-headed ogre
 11539 | Orc:2    | Killed a two-headed ogre
 11553 | Orc:2    | Killed a two-headed ogre
 11553 | Orc:2    | Reached skill level 12 in Necromancy
 11608 | Orc:2    | Noticed a two-headed ogre
 11624 | Orc:2    | Mangled by a two-headed ogre

Skill      XL: |  1  2  3  4  5  6  7  8  9 10 11 |
---------------+----------------------------------+-----
Spellcasting   | 2 3 5 9 |  9.2
Necromancy     | 5 6 7 8 9 10 12 | 12.0
Fighting       | 1 5 7 |  7.1
Armour         | 2 4 |  4.5
Evocations     | 4 6 |  6.0
Conjurations   | 2 3 |  3.0
Air Magic      | 2 3 |  3.0
Poison Magic   | 2 |  2.4
Dodging        | |  2.1
Stealth        | |  2.4

Action                   |  1- 3 |  4- 6 |  7- 9 | 10-12 || total
-------------------------+-------+-------+-------+-------++-------
Melee: Dagger            |     3 |    38 |     7 |       ||    48
       War axe           |       |    39 |    78 |       ||   117
       Quarterstaff      |       |       |    86 |     8 ||    94
       Spear             |       |       |    84 |   311 ||   395
       Scimitar          |       |       |    25 |       ||    25
       Staff             |       |       |       |    17 ||    17
 Fire: Arbalest          |       |       |       |     3 ||     3
Throw: Throwing net      |       |       |       |     3 ||     3
 Cast: Pain              |    29 |    18 |   102 |     6 ||   155
       Vampiric Draining |     5 |    35 |   102 |   169 ||   311
       Poisonous Vapours |       |       |       |    22 ||    22
       Mephitic Cloud    |       |       |       |    22 ||    22
Invok: Call Merchant     |       |       |     1 |     2 ||     3
Evoke: Wand              |       |       |    13 |    23 ||    36
  Use: Scroll            |       |     2 |     7 |     5 ||    14
       Potion            |       |       |       |     3 ||     3
 Stab: Sleeping          |     2 |       |     4 |       ||     6
       Distracted        |       |     1 |     1 |     2 ||     4
       Paralysed         |       |       |     3 |       ||     3
       Confused          |       |       |       |     7 ||     7
  Eat: Chunk             |     2 |     8 |     8 |       ||    18
       Royal jelly       |       |       |     3 |     3 ||     6
       Meat ration       |       |       |     2 |     2 ||     4
Armor: Robe              |     1 |     3 |       |       ||     4
       Leather armour    |       |    50 |    50 |       ||   100
       Scale mail        |       |       |    69 |       ||    69
       Ring mail         |       |       |    36 |   106 ||   142
Dodge: Dodged            |     7 |   110 |   374 |   361 ||   852
       Rpst.: Scimitar   |       |       |     8 |       ||     8
